 Dungeon Crawl Stone Soup version 0.30.0-5-g1a98f26d00 (webtiles) character file.

Game seed: 13426322984085137084

105882 Adrian566 the Executioner (level 16, -1/184 HPs)
             Began as a Hill Orc Fighter on May 12, 2023.
             Was the Champion of Beogh.
             Slain by an acid blob (37 damage)
             ... created by the Royal Jelly
             ... on level 5 of the Pits of Slime.
             The game lasted 00:38:07 (22111 turns).

Adrian566 the Executioner (Hill Orc Fighter)       Turns: 22111, Time: 00:38:07

Health: -1/184     AC:  6    Str: 33      XL:     16   Next: 42%
Magic:  0/16       EV:  7    Int:  5 (6)  God:    Beogh [******]
Gold:   2202       SH: 17    Dex: 15      Spells: 15/15 levels left

rFire   . . .        b - +4 broad axe of Suicidal Tendencies {spect, rN+}
rCold   . . .        i - +0 tower shield
rNeg    + + +        j - +1 crystal plate armour
rPois   +            J - +0 hat {Stlth+}
rElec   .            R - +0 cloak {Will+}
rCorr   .            u - +0 pair of fencer's gloves {Riposte Dex+3}
SInv    +            F - +1 pair of boots
Will    ++...        p - amulet of guardian spirit Stlth
                     w - +6 ring of strength
HPRegen 0.50/turn    e - ring "Daniwk" {Drain rPois rN+++ Dex+2 SInv}
MPRegen 0.15/turn

%: guardian spirit
@: mighty, corroded
A: walk on water, dopey 1, low MP 1, sense surroundings 1, robust 2
a: Renounce Religion, Smiting, Recall Orcish Followers, Give Item to Named
Follower, Resurrection


You were on level 5 of the Pits of Slime.
You worshipped Beogh.
Beogh was exalted by your worship.
You visited 5 branches of the dungeon, and saw 26 of its levels.
You also visited: Bailey and Ice Cave.

You collected 3673 gold pieces.
You spent 1471 gold pieces at shops.

Inventory:

Hand Weapons
 b - the +4 broad axe of Suicidal Tendencies (weapon) {spect, rN+}
   (You acquired it on level 5 of the Dungeon)

   rN:        It protects you from negative energy.
 Q - the +3 falchion "Beetlebane" {drain, rElec Str+3 Int-2}
   (You found it on level 5 of the Lair of Beasts)

   Str:       It affects your strength (+3).
   Int:       It affects your intelligence (-2).
   rElec:     It insulates you from electricity.
Missiles
 d - a throwing net (quivered)
Armour
 i - a +0 tower shield (worn)
 j - a +1 crystal plate armour (worn)
 u - the +0 pair of fencer's gloves (worn) {Riposte Dex+3}
   (You found it in a bailey)

   Riposte:   It allows the wearer to riposte with melee weapons, swiftly
   retaliating against missed or blocked melee attacks.
   Dex:       It affects your dexterity (+3).
 F - a +1 pair of boots (worn)
 J - a +0 hat of stealth (worn)
 R - a +0 cloak of willpower (worn)
Jewellery
 c - a +4 ring of protection
 e - the ring "Daniwk" (right hand) {Drain rPois rN+++ Dex+2 SInv}
   (You acquired it on level 5 of the Dungeon)

   [ring of see invisible]

   Dex:       It affects your dexterity (+2).
   rPois:     It protects you from poison.
   rN:        It renders you almost immune to negative energy.
   SInv:      It lets you see invisible.
   Drain:     It drains your maximum health when unequipped.
 m - a +4 ring of slaying
 p - an amulet of guardian spirit (around neck)
 r - an amulet of reflection
 w - a +6 ring of strength (left hand)
 B - a +4 ring of protection
 I - a ring of ice
 M - a ring of resist corrosion
 O - an amulet of magic regeneration
Wands
 t - a wand of flame (51)
 v - a wand of mindburst (51)
 y - a wand of paralysis (11)
 E - a wand of polymorph (14)
 K - a wand of iceblast (22)
Scrolls
 f - 10 scrolls of teleportation
 h - a scroll of poison
 n - 5 scrolls of immolation
 o - 9 scrolls of identify
 q - a scroll of fear
 D - a scroll of blinking
 G - 2 scrolls of amnesia
 P - 3 scrolls of fog
Potions
 a - 2 potions of might
 g - a potion of degeneration
 k - a potion of mutation
 l - 4 potions of curing
 s - 3 potions of brilliance
 x - 6 potions of attraction
 z - 6 potions of lignification
 H - 2 potions of haste
Miscellaneous
 C - a phantom mirror


   Skills:
 + Level 16.8 Fighting
 + Level 21.4 Axes
 + Level 15.2 Armour
 + Level 3.3 Dodging
 + Level 7.8 Stealth
 + Level 11.3 Shields
 + Level 3.7 Invocations


You had 15 spell levels left.
You didn't know any spells.
Your spell library contained the following spells:

 Spells                   Type           Power      Damage    Failure   Level
 Apportation              Tloc           0%         N/A       100%        1
 Foxfire                  Conj/Fire      0%         2x1d4     100%        1
 Kiss of Death            Conj/Necr      0%         2d5       100%        1
 Necrotise                Necr           0%         1d4       100%        1
 Summon Small Mammal      Summ           0%         N/A       100%        1
 Blink                    Tloc           0%         N/A       100%        2
 Cigotuvi's Dreadful Rot  Necr/Pois/Air  0%         N/A       100%        2
 Ensorcelled Hibernation  Hex/Ice        0%         N/A       100%        2
 Lesser Beckoning         Tloc           0%         N/A       100%        2
 Passwall                 Tmut/Erth      0%         N/A       100%        2
 Sublimation of Blood     Necr           0%         N/A       100%        2
 Confusing Touch          Hex            0%         N/A       100%        3
 Dazzling Flash           Conj/Hex       0%         N/A       100%        3
 Frozen Ramparts          Ice            0%         1d1       100%        3
 Gell's Gravitas          Tloc           0%         N/A       100%        3
 Ignite Poison            Fire/Tmut/Pois 0%         N/A       100%        3
 Summon Guardian Golem    Hex/Summ       0%         N/A       100%        3
 Swiftness                Air            0%         N/A       100%        3
 Teleport Other           Tloc           0%         N/A       100%        3
 Volatile Blastmotes      Fire/Tloc      0%         2d10      100%        3
 Animate Armour           Summ/Erth      0%         N/A       100%        4
 Dispel Undead            Necr           0%         3d6       100%        4
 Ice Form                 Ice/Tmut       0%         N/A       100%        4
 Iskenderun's Mystic Bla  Conj/Tloc      0%         2d3       100%        4
 Manifold Assault         Tloc           0%         N/A       100%        4
 Petrify                  Tmut/Erth      0%         N/A       100%        4
 Summon Ice Beast         Ice/Summ       0%         N/A       100%        4
 Agony                    Necr           0%         N/A       100%        5
 Blade Hands              Tmut           0%         N/A       100%        5
 Fireball                 Conj/Fire      0%         3d3       100%        5
 Freezing Cloud           Conj/Ice/Air   0%         6-21      100%        5
 Irradiate                Conj/Tmut      0%         3d11      100%        5
 Iskenderun's Battlesphe  Conj           0%         2d6       100%        5
 Metabolic Englaciation   Hex/Ice        0%         N/A       100%        5
 Silence                  Hex/Air        0%         N/A       100%        5
 Iron Shot                Conj/Erth      0%         9d1       100%        6
 Plasma Beam              Fire/Air       0%         2x1d11    100%        6
 Simulacrum               Ice/Necr       0%         N/A       100%        6
 Starburst                Conj/Fire      0%         6d3       100%        6
 Statue Form              Tmut/Erth      0%         N/A       100%        6
 Orb of Destruction       Conj           0%         9d5       100%        7
 Ozocubu's Refrigeration  Ice            0%         4d7       100%        7
 Spellforged Servitor     Conj/Summ      0%         N/A       100%        7
 Storm Form               Tmut/Air       0%         N/A       100%        7
 Polar Vortex             Ice            0%         N/A       100%        9


Dungeon Overview and Level Annotations

Branches:
Dungeon (13/15)            Temple (1/1) D:5            Lair (5/5) D:9
  Swamp (0/4) Lair:3       Spider (0/4) Lair:3        Slime (5/5) Lair:5
    Orc (2/2) D:12            Elf (0/3) Orc:2        Vaults (0/5) D:13
 Bailey (visited)           IceCv (visited)

Altars:
Ashenzari
Cheibriados
Dithmenos
Elyvilon
Fedhas
Gozag
Hepliaklqana
Kikubaaqudgha
Makhleb
Nemelex Xobeh
Okawaru
Qazlal
Ru
Sif Muna
Trog
Uskayaw
Vehumet
Wu Jian
Xom
Yredelemnul
Zin
The Shining One
Beogh
Jiyva

Shops:
D:5 *   D:6 !   Orc:1 *   Orc:2 *[:[?

Annotations:
D:11 6 transporters
Slime:5 Royal Jelly


Innate Abilities, Weirdness & Mutations

You can walk on water.
You are dopey. (Int -2)
Your magical capacity is low. (-10% MP)
You passively map a small area around you.
You are very robust. (+20% HP)


Message History

You slash the acid blob!
Your hands burn!
The acid blob is lightly wounded.
The acid blob spits acid at you. The splash of acid hits you!!
* * * LOW HITPOINT WARNING * * *
Nergalle casts a spell at Bogwik.
Bogwik seems to speed up.
Your orc sorcerer closely misses the quicksilver ooze.
The quicksilver ooze hits your orc sorcerer.
The quicksilver ooze engulfs your orc sorcerer!
The quicksilver ooze closely misses your orc sorcerer.
You slash the acid blob!
Your hands burn!
* * * LOW HITPOINT WARNING * * *
The acid blob is moderately wounded.
Your orc sorcerer no longer looks unusually strong.
Your orc sorcerer is asphyxiated!
Your orc priest no longer looks unusually strong.
The acid blob hits you.
* * * LOW HITPOINT WARNING * * *
You are splashed with acid!
* * * LOW HITPOINT WARNING * * *
The quicksilver ooze hits your orc sorcerer!
The quicksilver ooze hits your orc sorcerer.
Your orc sorcerer's magic leaks into the air.
Your orc sorcerer hits the quicksilver ooze with a +0 dagger.
Your orc knight roars a battlecry!
Your orcs go into a battle-frenzy!
You barely miss the acid blob.
The acid blob is moderately wounded.
The quicksilver ooze barely misses your orc sorcerer.
The quicksilver ooze hits your orc sorcerer!
Your orc sorcerer's magic leaks into the air.
You block the acid blob's attack.
You riposte.
You slash the acid blob!
The acid blob is moderately wounded.
Your orc sorcerer misses the quicksilver ooze.
You slice the acid blob!!
Your hands burn!
* * * LOW HITPOINT WARNING * * *
The acid blob is heavily wounded.
The acid blob hits you!!!
You die...

**
#................... ,
*#.................. *
#...........o...... *
, , ##................
* , ,
##............... ,
#.o.............. , *,
,* ##oo............. *
###ooo............
#J@ooo........... , ,
..JJ#JJo##oo..........
.########.oo.........
, *.#"#, *##..........
* , * .## ,,
.......... , * ##, ,
,* #..J..... , J ,
....... , , *
,,....... , , ,


You could see 2 acid blobs, an azure jelly, a rockslime, a quicksilver ooze
(ally target), 2 friendly orc knights, the friendly Alork the orc knight
(strong), 2 friendly orc knights, the friendly Morbeogh the orc knight
(berserk), the friendly Wardok the orc knight (strong), the friendly Urug
(strong), the friendly Nergalle (strong), a friendly orc sorcerer (strong,
corroded, magic disrupted), a friendly orc warrior (strong), a friendly orc
priest (strong) and a friendly orc wizard (strong, invisible).

Vanquished Creatures
  Jorgrun (D:13)
  2 acid blobs
  Gastronok (D:10)
  Kirke (Lair:3)
  2 rockslimes
  An azure jelly (Lair:5)
  An orc warlord (Orc:1)
  4 quicksilver oozes
  Snorg (D:13)
  A fire dragon (D:13)
  2 great orbs of eyes (Slime:5)
  4 vault guards (D:13)
  3 centaur warriors (D:13)
  A death knight (D:13)
  2 ogre magi (Orc:2)
  2 boulder beetles
  A dancing weapon (D:10)
  3 two-headed ogres
  A tengu warrior (D:13)
  3 death yaks (Lair:2)
  A deep elf knight (D:13)
  A skyshark (Lair:3)
  A skeletal warrior (D:13)
  Lodul (D:10)
  A glowing orange brain (Slime:5)
  3 deep elf pyromancers
  A necromancer (D:13)
  2 orc knights (Orc:2)
  4 oklob plants
  A wolf spider (D:13)
  6 ugly things
  5 orc sorcerers (Orc:2)
  A wolf spider zombie (D:13)
  4 manticores
  4 cyclopes
  8 elephants (Lair:2)
  2 ice statues (IceCv)
  A demonic crawler (Lair:3)
  A torpor snail (Lair:5)
  2 black mambas
  A gargoyle (D:13)
  6 komodo dragons
  A centaur skeleton (D:13)
  5 cane toads
  2 kobold demonologists
  An unseen horror (D:10)
  A tengu conjurer (D:8)
  An efreet (D:13)
  6 trolls
  6 polar bears (Lair:5)
  A meliai (D:13)
  2 hornets (D:9)
  A hornet (shapeshifter) (D:13)
  4 blink frogs
  2 raiju (Lair:5)
  29 slime creatures
  A centaur simulacrum (D:13)
  2 shadows
  3 wyverns
  21 yaks
  4 hogs (Lair:3)
  2 steam dragons
  4 wraiths
  A basilisk (Lair:3)
  2 fire bats (Lair:5)
  7 vampire mosquitoes
  5 wargs
  A harpy simulacrum (IceCv)
  3 acid dragons
  7 water moccasins
  Duvessa (D:4)
  10 orc warriors
  6 hell hounds (Lair:5)
  2 ice beasts (D:6)
  16 black bears
  9 ogres
  18 wolves
  3 centaurs
  2 kobold brigands
  7 bullfrogs
  6 scorpions
  3 gnoll sergeants
  17 wights
  Dowan (D:4)
  14 killer bees
  3 elephant simulacra
  9 howler monkeys
  An electric eel (Lair:5)
  3 hounds
  3 gnoll boudas
  2 jellies
  A sleepcap (D:6)
  3 orc priests
  5 iguanas
  Ijyb (D:3)
  13 orc wizards
  3 hell rats (Lair:5)
  2 polar bear simulacra
  25 gnolls
  8 adders
  2 shadow imps (D:6)
  A white imp (D:5)
  2 ufetubi
  An adder skeleton (D:2)
  2 dart slugs
  28 orcs
  A bat skeleton (D:2)
  6 endoplasms
  3 giant cockroaches
  18 goblins
  4 hobgoblins
  11 kobolds
  9 quokkas
  9 ball pythons
  A ball python skeleton (D:2)
  5 bats
  A frilled lizard (D:1)
  A jackal skeleton (D:2)
  A quokka zombie (D:2)
  6 rats
528 creatures vanquished.

Vanquished Creatures (collateral kills)
  3 acid blobs
  5 rockslimes
  4 azure jellies
  An orc warlord (Orc:2)
  2 quicksilver oozes
  A great orb of eyes (Slime:5)
  2 hydras
  2 catoblepae (Lair:5)
  The ghost of Kranky the Grappler, a novice TrFi of Wu Jian (D:10)
  2 centaur warriors (D:13)
  A death yak (Lair:2)
  3 skysharks
  A bog body (Lair:3)
  2 orc knights (Bailey)
  2 orc sorcerers (Orc:2)
  3 shining eyes
  A manticore (D:12)
  3 oklob plants (Lair:3)
  2 cyclopes
  4 elephants (Lair:2)
  3 black mambas
  2 eyes of devastation (Slime:1)
  Maggie (Lair:2)
  A gargoyle (D:13)
  2 cane toads (Lair:5)
  6 komodo dragons
  A rime drake (Lair:1)
  2 trolls (Orc:1)
  3 polar bears (Lair:5)
  3 dream sheep (Lair:5)
  A hornet (D:10)
  5 blink frogs
  2 raiju (Lair:5)
  40 slime creatures
  A wraith (D:13)
  22 yaks
  A fire elemental (Lair:5)
  2 fire bats (Lair:5)
  5 golden eyes
  A hog (Lair:3)
  2 wargs
  7 hell hounds (Lair:5)
  8 water moccasins
  A hornet zombie (D:13)
  A black bear (Lair:5)
  4 orc warriors
  An ogre (D:10)
  18 wolves
  2 bullfrogs
  3 scorpions (Lair:3)
  6 orc priests
  9 orc wizards
  4 hell rats (Lair:5)
  A gnoll (Orc:1)
  15 orcs
  2 kobolds (D:10)
233 creatures vanquished.

Vanquished Creatures (others)
  Nergalle (Lair:5)
  3 orc sorcerers
  An orc knight (Slime:4)
  7 orc warriors
  8 orc priests
  6 orc wizards
  32 orcs
  7 spectral weapons
65 creatures vanquished.

Grand Total: 826 creatures vanquished

Notes
Turn   | Place    | Note
-------+----------+-------------------------------------------
     0 | D:1      | Adrian566 the Hill Orc Fighter began the quest for the Orb.
     0 | D:1      | Reached XP level 1. HP: 19/19 MP: 1/1
   152 | D:1      | Found a faded altar of an unknown god.
   156 | D:1      | Reached XP level 2. HP: 27/27 MP: 2/2
   409 | D:1      | Reached skill level 3 in Axes
   488 | D:2      | Reached XP level 3. HP: 32/33 MP: 3/3
   722 | D:2      | Reached XP level 4. HP: 29/40 MP: 4/4
  1513 | D:3      | Reached skill level 4 in Axes
  1514 | D:3      | Reached XP level 5. HP: 14/47 MP: 0/5
  1704 | D:3      | Noticed Ijyb
  1726 | D:3      | Killed Ijyb
  1727 | D:3      | Reached skill level 5 in Axes
  2082 | D:4      | Identified the +0 ring mail of Nohant Liesk {*Corrode rPois
                  | rN+ Str+4}
  2152 | D:4      | Noticed a black bear
  2154 | D:4      | Noticed a black bear
  2159 | D:4      | Killed a black bear
  2160 | D:4      | Reached skill level 1 in Dodging
  2160 | D:4      | Reached XP level 6. HP: 46/55 MP: 2/6
  2161 | D:4      | Killed a black bear
  2162 | D:4      | Reached skill level 6 in Axes
  2254 | D:4      | Noticed Duvessa
  2254 | D:4      | Noticed Dowan
  2266 | D:4      | Killed Duvessa
  2267 | D:4      | Reached skill level 5 in Fighting
  2267 | D:4      | Reached XP level 7. HP: 60/61 MP: 7/7
  2274 | D:4      | Killed Dowan
  2661 | D:5      | Entered Level 5 of the Dungeon
  2667 | D:5      | Identified 2 scrolls of acquirement
  2667 | D:5      | Acquired the +4 broad axe of Suicidal Tendencies {spect,
                  | rN+}
  2670 | D:5      | Acquired the ring "Daniwk" {Drain rPois rN+++ Dex+2 SInv}
  2681 | D:5      | Reached skill level 7 in Axes
  2681 | D:5      | Reached skill level 5 in Armour
  2726 | D:5      | Reached skill level 1 in Stealth
  2850 | D:5      | Found a staircase to the Ecumenical Temple.
  2913 | D:5      | Found a shadowy altar of Dithmenos.
  2914 | D:5      | Found an opulent altar of Gozag.
  2935 | D:5      | Became a worshipper of Beogh the Brigand
  2942 | D:5      | Reached XP level 8. HP: 70/70 MP: 8/8
  3039 | D:5      | Found Xatoew's Assorted Antiques.
  3169 | D:5      | Reached skill level 8 in Axes
  3308 | Temple   | Entered the Ecumenical Temple
  3578 | D:6      | Reached * piety under Beogh
  3598 | D:6      | Found Gedat's Distillery.
  3607 | D:6      | Bought 2 potions of mutation for 192 gold pieces
  3607 | D:6      | Bought a potion of curing for 36 gold pieces
  3607 | D:6      | Bought a potion of heal wounds for 60 gold pieces
  3743 | D:6      | Reached skill level 9 in Axes
  4194 | D:7      | Reached skill level 10 in Axes
  4202 | D:7      | Reached XP level 9. HP: 72/78 MP: 7/9
  4669 | D:7      | Reached ** piety under Beogh
  4679 | D:7      | Reached skill level 11 in Axes
  5042 | D:7      | Found an ornate altar of the Wu Jian Council.
  5292 | D:8      | Noticed a tengu conjurer
  5298 | D:8      | Killed a tengu conjurer
  5391 | D:8      | Reached skill level 12 in Axes
  5601 | D:8      | Reached XP level 10. HP: 88/88 MP: 10/10
  5616 | D:8      | Reached skill level 5 in Shields
  6352 | D:9      | Reached skill level 13 in Axes
  6354 | D:9      | Reached *** piety under Beogh
  6528 | D:9      | Found a staircase to the Lair.
  6691 | D:9      | Found a flagged portal.
  6698 | Bailey   | Entered a bailey
  6699 | Bailey   | Gained mutation: Your magical capacity is low. (-10% MP)
                  | [potion of mutation]
  6699 | Bailey   | Gained mutation: You have a pair of small antennae on your
                  | head. [potion of mutation]
  6699 | Bailey   | Gained mutation: You are weak. (Str -2) [potion of
                  | mutation]
  6699 | Bailey   | Gained mutation: You have a somewhat thin skeletal
                  | structure. (Dex +2, Stealth+) [potion of mutation]
  6700 | Bailey   | Lost mutation: You have a somewhat thin skeletal structure.
                  | (Dex +2, Stealth+) [potion of mutation]
  6700 | Bailey   | Lost mutation: You are weak. (Str -2) [potion of mutation]
  6700 | Bailey   | Lost mutation: You have a pair of small antennae on your
                  | head. [potion of mutation]
  6700 | Bailey   | Gained mutation: You are robust. (+10% HP) [potion of
                  | mutation]
  6700 | Bailey   | Gained mutation: You passively map a small area around you.
                  | [potion of mutation]
  6700 | Bailey   | Gained mutation: You are very robust. (+20% HP) [potion of
                  | mutation]
  6761 | Bailey   | Noticed an orc knight
  6849 | Bailey   | Noticed an orc knight
  6849 | Bailey   | Noticed an orc knight
  6860 | Bailey   | HP: 1/109 [orc knight/+0 bardiche (23)]
  6864 | Bailey   | Killed an orc knight
  7267 | Bailey   | Killed an orc knight
  7268 | Bailey   | Reached skill level 14 in Axes
  7268 | Bailey   | Reached XP level 11. HP: 91/118 MP: 8/9
  7349 | Bailey   | Found the +0 pair of fencer's gloves {Riposte Dex+3}
  7956 | D:10     | Entered Level 10 of the Dungeon
  8142 | D:10     | Noticed Gastronok
  8149 | D:10     | Killed Gastronok
  8150 | D:10     | Reached skill level 10 in Fighting
  8312 | D:10     | Reached **** piety under Beogh
  8313 | D:10     | Reached skill level 15 in Axes
  8315 | D:10     | Gained Morbeogh as an ally
  8408 | D:10     | Found a runed translucent door.
  8416 | D:10     | Found a shimmering altar of Xom.
  8416 | D:10     | Noticed Kranky's ghost (novice TrFi)
  8416 | D:10     | Noticed a +2 rapier of chaos
  8433 | D:10     | Noticed Lodul
  8442 | D:10     | Killed Lodul
  8931 | D:10     | Killed a +2 rapier of chaos
  8936 | D:10     | Killed Kranky's ghost
  9065 | D:11     | Noticed a boulder beetle
  9073 | D:11     | Killed a boulder beetle
  9074 | D:11     | Reached skill level 16 in Axes
  9074 | D:11     | Reached XP level 12. HP: 124/129 MP: 8/10
  9132 | D:11     | Reached skill level 10 in Armour
  9280 | D:11     | Found a transporter.
  9282 | D:11     | Found a transporter.
  9364 | D:11     | Found a transporter.
  9379 | D:11     | Found a transporter.
  9600 | D:11     | Found a transporter.
  9602 | D:11     | Found a transporter.
  9854 | D:12     | Gained Orbeogh as an ally
  9872 | D:12     | Noticed a two-headed ogre
  9878 | D:12     | Killed a two-headed ogre
  9880 | D:12     | Gained Boghold as an ally
 10116 | D:12     | Found a staircase to the Orcish Mines.
 10122 | D:12     | Reached skill level 17 in Axes
 10146 | D:12     | Gained Alork as an ally
 10255 | D:12     | Found an iron altar of Okawaru.
 10317 | D:12     | You fall into a shaft and drop 1 floor!
 10542 | D:12     | Reached ***** piety under Beogh
 10569 | D:12     | Noticed a two-headed ogre
 10571 | D:12     | Killed a two-headed ogre
 10847 | Orc:1    | Entered Level 1 of the Orcish Mines
 10916 | Orc:1    | Reached skill level 5 in Stealth
 10966 | Orc:2    | Entered Level 2 of the Orcish Mines
 10983 | Orc:2    | Gained Boghold as an ally
 11009 | Orc:2    | Found a staircase to the Elven Halls.
 11018 | Orc:2    | Noticed an orc warlord
 11026 | Orc:2    | Killed an orc warlord
 11161 | Orc:2    | Reached XP level 13. HP: 133/140 MP: 12/12
 11261 | Orc:2    | Found Ilio's Mass Market.
 11284 | Orc:2    | Reached skill level 18 in Axes
 11449 | Orc:2    | Found Pufih's Antique Armour Emporium.
 11485 | Orc:2    | Found an ancient bone altar of Kikubaaqudgha.
 11486 | Orc:2    | Noticed Nergalle
 11497 | Orc:2    | Gained Morguth as an ally
 11520 | Orc:2    | Paralysed by an orc sorcerer for 5 turns
 11526 | Orc:2    | Gained Bogwik as an ally
 11619 | Orc:2    | Found a radiant altar of Vehumet.
 11663 | Orc:2    | Found a roughly hewn altar of Beogh.
 11663 | Orc:2    | Found Unueph's Book Emporium.
 11664 | Orc:2    | Found Arghinilo's Antique Armour Shoppe.
 11669 | Orc:2    | Gained Orik as an ally
 11677 | Orc:2    | Found Siach's Magic Scroll Shoppe.
 11837 | Orc:1    | Found Huorul's General Store.
 11855 | Orc:1    | Noticed an orc warlord
 11865 | Orc:1    | Killed an orc warlord
 12528 | Orc:2    | Bought a +0 tower shield for 63 gold pieces
 12528 | Orc:2    | Bought a +0 crystal plate armour for 1120 gold pieces
 12632 | D:13     | Noticed Urug
 12660 | D:13     | Noticed Snorg
 12667 | D:13     | Killed Snorg
 12835 | D:13     | Noticed Jorgrun
 12852 | D:13     | Killed Jorgrun
 13115 | D:13     | Reached skill level 19 in Axes
 13117 | D:13     | Reached ****** piety under Beogh
 13136 | D:13     | Reached skill level 1 in Invocations
 13138 | D:13     | Gained Horkud as an ally
 13182 | D:13     | Noticed a fire dragon
 13190 | D:13     | Killed a fire dragon
 13191 | D:13     | Reached XP level 14. HP: 86/154 MP: 10/13
 13237 | D:13     | Your ally Orik died
 13568 | D:13     | Found a gate to the Vaults.
 14119 | D:13     | Acquired 656 gold pieces
 14699 | Lair:1   | Entered Level 1 of the Lair of Beasts
 14717 | Lair:1   | Your ally Horkud died
 15737 | Lair:2   | Noticed Maggie
 15738 | Lair:2   | Killed Maggie
 15812 | Lair:2   | Reached skill level 20 in Axes
 16069 | Lair:2   | Identified the +2 sling "Grim Tooth" {heavy, Str+5}
 16294 | Lair:2   | Identified the +6 scale mail "Edghu" {rF++ Will+ Regen+
                  | Str-5}
 16628 | Lair:3   | Found a hole to the Spider Nest.
 16709 | Lair:3   | Noticed Kirke
 16715 | Lair:3   | Killed Kirke
 16752 | Lair:3   | Found a staircase to the Swamp.
 16864 | Lair:3   | Reached XP level 15. HP: 59/166 MP: 5/15
 17147 | Lair:3   | Your ally Orbeogh died
 17342 | Lair:3   | Identified the +5 sling "Mufy" {flame, rPois Dex+4}
 18528 | Lair:4   | Reached skill level 15 in Fighting
 18834 | Lair:5   | Entered Level 5 of the Lair of Beasts
 18984 | Lair:5   | Found a frozen archway.
 19039 | IceCv    | Entered an ice cave
 19046 | IceCv    | Found a transporter.
 19056 | IceCv    | Found a transporter.
 19281 | Lair:5   | Reached skill level 10 in Shields
 19297 | Lair:5   | Gained Spirok as an ally
 19347 | Lair:5   | Identified the +3 falchion "Beetlebane" {drain, rElec Str+3
                  | Int-2}
 19512 | Lair:5   | Found a runed translucent door.
 19512 | Lair:5   | Found a viscous altar of Jiyva.
 19512 | Lair:5   | Noticed an azure jelly
 19513 | Lair:5   | Found a staircase to the Slime Pits.
 19513 | Lair:5   | Noticed an azure jelly
 19513 | Lair:5   | Noticed an azure jelly
 19802 | Lair:5   | Gained Wardok as an ally
 20284 | Lair:5   | Killed an azure jelly
 20286 | Lair:5   | Your ally Nergalle died
 20287 | Lair:5   | Killed an azure jelly
 20290 | Lair:5   | Killed an azure jelly
 20550 | Slime:1  | Entered Level 1 of the Pits of Slime
 20607 | Slime:1  | Noticed a rockslime
 20615 | Slime:1  | Killed a rockslime
 21021 | Slime:2  | Reached skill level 21 in Axes
 21200 | Slime:3  | Noticed an acid blob
 21206 | Slime:3  | Killed an acid blob
 21209 | Slime:3  | Reached XP level 16. HP: 165/181 MP: 13/16
 21251 | Slime:3  | Noticed a rockslime
 21256 | Slime:3  | Killed a rockslime
 21279 | Slime:3  | Killed a rockslime
 21296 | Slime:3  | Noticed a rockslime
 21298 | Slime:3  | Noticed a rockslime
 21302 | Slime:3  | Killed a rockslime
 21306 | Slime:3  | Killed a rockslime
 21310 | Slime:3  | Reached skill level 15 in Armour
 21712 | Slime:4  | Noticed an azure jelly
 21715 | Slime:4  | Noticed an acid blob
 21719 | Slime:4  | Killed an azure jelly
 21720 | Slime:4  | Your ally Spirok died
 21720 | Slime:4  | Killed an acid blob
 21724 | Slime:4  | Noticed an acid blob
 21730 | Slime:4  | Killed an acid blob
 22029 | Slime:4  | Acquired 927 gold pieces
 22032 | Slime:5  | Entered Level 5 of the Pits of Slime
 22034 | Slime:5  | Gained mutation: You are dopey. (Int -2) [a shining eye]
 22034 | Slime:5  | Noticed an acid blob
 22039 | Slime:5  | Killed an acid blob
 22040 | Slime:5  | Noticed an acid blob
 22044 | Slime:5  | Noticed an azure jelly
 22047 | Slime:5  | Noticed the Royal Jelly
 22048 | Slime:5  | Killed an acid blob
 22048 | Slime:5  | Killed an azure jelly
 22064 | Slime:5  | Noticed a rockslime
 22066 | Slime:5  | Killed a rockslime
 22069 | Slime:5  | Noticed a rockslime
 22072 | Slime:5  | Noticed an acid blob
 22076 | Slime:5  | Killed a rockslime
 22099 | Slime:5  | Noticed a rockslime
 22103 | Slime:5  | Noticed an acid blob
 22105 | Slime:5  | Noticed an azure jelly
 22106 | Slime:5  | Noticed a rockslime
 22111 | Slime:5  | Slain by an acid blob

Illustrated notes

Levels and vault maps discovered:
D:1:      minmay_arrival_up_and_down, layout_rooms,
          nicolae_ecumenical_snake_handling
D:2:      layout_loops_ring, serial_undead, serial_undead_b, serial_undead_f,
          serial_undead_b, serial_undead_c
D:3:      kennysheep_the_goblin_king, layout_rooms, uniq_ijyb
D:4:      layout_loops_cross, serial_glass, glass_columns_a, glass_columns_b,
          corner_web_ring, uniq_duvessa
D:5:      layout_rooms, jmf_multi_god_temple, temple_statues, serial_shops,
          nicolae_shop_overgrown_old_shop, st_stairs_4, grunt_ministairs_2
D:6:      nicolae_BIG_FREAKIN_CUBE, layout_rooms, serial_shops, shop,
          st_stairs_9, kennysheep_another_room
D:7:      layout_loops_ring, nzn_wu_jian_contemplation
D:8:      layout_basic, grunt_decor_arrowhead
D:9:      layout_irregular_city, due_lair_maze_entry_diamond, enter_bailey_3
D:10:     layout_irregular_city, ebering_ghost_xom,
          minmay_misc_feat_more_columns, uniq_lodul, uniq_gastronok
D:11:     layout_irregular_city, serial_nicolae_subway,
          nicolae_sub_station_crystal, nicolae_sub_station_metal,
          nicolae_sub_station_stone
D:12:     layout_cave_pools, orc_0_dummy, okawaru_ov_weapons_minmay
D:13:     minmay_the_grid_3x2 [minmay_the_grid_slots,
          minmay_the_grid_pillar_ring, minmay_the_grid_small_cups,
          minmay_the_grid_spikes, minmay_the_grid_box_x,
          minmay_the_grid_prize_four_corners_diamond_b], layout_basic,
          lightli_vaults_fourway_checkpoint, uniq_jorgrun, uniq_snorg, uniq_urug
Temple:   nicolae_temple_bog_church
Lair:1:   layout_long_grid
Lair:2:   layout_gridlike, nicolae_lair_grazing_beasts
          [nicolae_sub_lair_graze_edge, nicolae_sub_lair_graze_edge,
          nicolae_sub_lair_graze_edge, nicolae_sub_lair_graze_edge],
          grunt_megastairs_4, uniq_maggie
Lair:3:   layout_long_grid, skrybe_swamp_entry_bodies,
          nicolae_spider_entry_non_spiders, dpeg_oklob_1, uniq_kirke
Lair:4:   layout_cave_pods
Lair:5:   hangedman_lair_caniforms_friends, layout_gridlike, slime_entry_2,
          portal_ice_cave_entry_ice_simulacra, dreamdust_gnoll_shepherd,
          lemuel_fruit_tree, infiniplex_staircase_pool_2
Slime:1:  cheibrodos_slime_lost_civilization_9, layout_caves
Slime:2:  layout_caves, nicolae_slime_welcoming_committee
Slime:3:  layout_caves
Slime:4:  layout_caves, cheibrodos_slime_lost_civilization_4
Slime:5
Orc:1:    layout_diamond_mine, serial_shops, shop_statue
Orc:2:    kennysheep_orc_mage_school, layout_diamond_mine, minmay_shop_mass

Skill      XL: |  1  2  3  4  5  6  7  8  9 10 11 12 13 14 15 16 |
---------------+-------------------------------------------------+-----
Fighting       | 4 5 6 8 9 10 11 13 14 16 | 16.8
Axes           | 3 4 5 6 7 10 12 14 16 17 19 20 21 | 21.4
Armour         | 4 5 6 7 8 9 11 12 13 14 15 | 15.2
Dodging        | 1 2 3 |  3.3
Shields        | 4 5 6 7 9 10 11 | 11.3
Stealth        | 1 2 3 4 5 6 7 |  7.8
Invocations    | 1 2 3 |  3.7

Action                     |  1- 3 |  4- 6 |  7- 9 | 10-12 | 13-15 | 16-18 || total
---------------------------+-------+-------+-------+-------+-------+-------++-------
  Melee: War axe           |   101 |   111 |     6 |       |       |       ||   218
         Broad axe         |       |       |   157 |   225 |   397 |    86 ||   865
 Invoke: Convert to Beogh  |       |       |     1 |       |       |       ||     1
         Recall Orcish Fol |       |       |       |     2 |    11 |     2 ||    15
         Give Item to Name |       |       |       |       |     2 |       ||     2
         Resurrection      |       |       |       |       |     1 |       ||     1
    Use: Potion            |       |     1 |     1 |     4 |     9 |     6 ||    21
         Scroll            |       |       |    18 |     9 |     9 |     1 ||    37
   Stab: Distracted        |       |       |     2 |     7 |    13 |     7 ||    29
         Confused          |       |       |       |     3 |     1 |       ||     4
         Paralysed         |       |       |       |       |     3 |       ||     3
 Armour: Scale mail        |    65 |    65 |     2 |       |       |       ||   132
         Ring mail         |       |       |    31 |    13 |       |       ||    44
         Plate armour      |       |       |       |    59 |    31 |       ||    90
         Crystal plate arm |       |       |       |       |   161 |     7 ||   168
  Dodge: Dodged            |    55 |    68 |    75 |    89 |    60 |     6 ||   353
  Block: Buckler           |    29 |    26 |    32 |    43 |    10 |       ||   140
         Tower shield      |       |       |       |       |   226 |    32 ||   258
Riposte: Broad axe         |       |       |       |    16 |    93 |    13 ||   122
